 Dungeon Crawl Stone Soup version 0.13-a0-2606-g170388b (webtiles) character file.

412 Kae the Ruinous (level 6, -5/32 HPs)
             Began as a Tengu Fire Elementalist on Aug 4, 2013.
             Slain by a sky beast (6 damage)
             ... on Level 4 of the Dungeon.
             The game lasted 00:05:26 (4256 turns).

Kae the Ruinous (Tengu Fire Elementalist)           Turns: 4256, Time: 00:05:26

HP  -5/32        AC  2     Str  8      XL: 6   Next: 29%
MP   5/13        EV 12     Int 18      God:
Gold 128         SH  9     Dex 14      Spells:  3 memorised,  3 levels left

Res.Fire  : . . .   See Invis. : .   k - +0 short sword
Res.Cold  : . . .   Warding    : .   a - +0 robe
Life Prot.: . . .   Conserve   : .   l - +0 buckler
Res.Poison: .       Res.Corr.  : .   (helmet restricted)
Res.Elec. : .       Clarity    : .   (no cloak)
Sust.Abil.: . .     Spirit.Shd : .   (no gloves)
Res.Mut.  : .       Stasis     : .   (boots unavailable)
Res.Rott. : .       Flight     : .   n - amulet of inaccuracy {unknown}
Saprovore : . . .                    (no ring)
                                     (no ring)

@: slightly resistant to hostile enchantments, fairly stealthy
A: able to fly, beak, talons 3
a: Fly


You were on level 4 of the Dungeon.
You were not hungry.

You visited 1 branch of the dungeon, and saw 4 of its levels.

You collected 108 gold pieces.

Inventory:

Hand weapons
 k - a +0,+0 short sword (weapon)
Armour
 a - a +0 robe (worn)
 l - a +0 buckler (worn)
Magical devices
 x - a wand of magic darts (11) {unknown}
Comestibles
 c - a bread ration
 h - 2 beef jerkies
 i - 10 strawberries
 o - a banana
Scrolls
 d - 3 scrolls of identify {unknown}
 f - a scroll of teleportation {unknown}
 g - a scroll of enchant weapon I {unknown}
 p - a scroll of remove curse {unknown}
 q - a scroll of noise {unknown}
 s - a scroll of enchant weapon II {unknown}
 t - a scroll of magic mapping {unknown}
Jewellery
 m - an uncursed amulet of clarity {unknown}
 n - an amulet of inaccuracy (around neck) {unknown}
Potions
 e - 2 potions of curing
 j - a potion of restore abilities {unknown}
 r - a potion of might {unknown}
 u - a potion of mutation {unknown}
 w - a potion of heal wounds {unknown}
Books
 b - a book of Flames

   Spells                             Type                      Level
   *Flame Tongue                      Conjuration/Fire             1
   *Throw Flame                       Conjuration/Fire             2
   *Conjure Flame                     Conjuration/Fire             3
   Inner Flame                        Hexes/Fire                   3
   Sticky Flame                       Conjuration/Fire             4
   Fireball                           Conjuration/Fire             5


   Skills:
 - Level 2.1 Dodging
 - Level 2.0 Stealth
 + Level 2.4 Shields
 + Level 2.4 Spellcasting
 * Level 5.2 Conjurations
 + Level 4.4 Fire Magic


You had 3 spell levels left.
You knew the following spells:

 Your Spells              Type           Power        Failure   Level  Hunger
a - Flame Tongue          Conj/Fire      ###..        2%          1    #......
b - Throw Flame           Conj/Fire      ###...       4%          2    ##.....
c - Conjure Flame         Conj/Fire      ###.....     10%         3    ###....


Dungeon Overview and Level Annotations

Branches:
Dungeon (4/27)
 Temple: D:4-7

Altars:


Innate Abilities, Weirdness & Mutations

You can fly.
You have a beak for a mouth.
You have claws for feet.


Message History

The sky beast is severely wounded.
The sky beast flickers out of sight!
Deactivating autopickup; reactivate with Ctrl-A.
It hits you but does no damage.
Casting: Flame Tongue
Confirm with . or Enter, or press ? or * to list all spells.
Aiming: Flame Tongue
Press: ? - help, Shift-Dir - straight line It hits you.
* * * LOW HITPOINT WARNING * * *
It shocks you.
* * * LOW HITPOINT WARNING * * *
Casting: Flame Tongue
Confirm with . or Enter, or press ? or * to list all spells.
Aiming: Flame Tongue
Press: ? - help, Shift-Dir - straight line The flame hits something.
It hits you.
* * * LOW HITPOINT WARNING * * *
It shocks you!
You die...

.....................
.....
......................
......
.......................
......
................(......
......
.......................
.....
...................#..
.....
........#..........#
.....
##########.........#
.... #.#....@.)# ...
###.......# ..
##.......# .
##.......## .
#.........# ... .
#.........# #....
#........## ......
##........# ........
#...(.....# ........


There were no monsters in sight!

Vanquished Creatures
  A phantom (D:4)
  4 gnolls (D:2)
  6 adders
  A worm (D:3)
  7 orcs (D:3)
  3 giant cockroaches
  7 hobgoblins
  A quokka (D:4)
  3 ball pythons
  12 bats
  4 giant geckos
  9 giant newts
  7 goblins
  4 jackals (D:3)
  10 kobolds
  8 rats
87 creatures vanquished.

Notes
Turn   | Place    | Note
--------------------------------------------------------------
     0 | D:1      | Kae, the Tengu Fire Elementalist, began the quest for the Orb.
     0 | D:1      | Reached XP level 1. HP: 10/10 MP: 3/3
   591 | D:1      | Reached XP level 2. HP: 12/15 MP: 5/5
  1159 | D:2      | Reached XP level 3. HP: 16/19 MP: 3/6
  1245 | D:2      | Reached skill level 1 in Shields
  1783 | D:2      | Reached XP level 4. HP: 12/24 MP: 2/8
  2143 | D:3      | Learned a level 2 spell: Throw Flame
  2150 | D:3      | Learned a level 3 spell: Conjure Flame
  2577 | D:3      | Reached skill level 4 in Conjurations
  2877 | D:3      | Reached XP level 5. HP: 12/28 MP: 1/11
  4017 | D:4      | Noticed a phantom
  4043 | D:4      | Killed a phantom
  4043 | D:4      | Reached skill level 5 in Conjurations
  4043 | D:4      | Reached XP level 6. HP: 17/32 MP: 5/13
  4241 | D:4      | Noticed a sky beast
  4256 | D:4      | HP: 1/32 [something (3)]
  4256 | D:4      | Slain by a sky beast

Action                   |  1- 3 |  4- 6 || total
-------------------------+-------+-------++-------
Melee: Unarmed           |    12 |       ||    12
       Short sword       |    20 |    43 ||    63
 Cast: Flame Tongue      |    47 |   106 ||   153
       Throw Flame       |       |     4 ||     4
  Use: Potion            |     2 |       ||     2
 Stab: Sleeping          |     2 |       ||     2
       Distracted        |       |     1 ||     1
